AoeStats
← Grievous31

Arena

510159894Analyzed
4v4 RM · 18h ago on Sep 29, 2026· 35m 5s· 8 players
Game mode
Random Map
Map size
Large (8 player)
Population
200
Speed
Normal
Resources
Standard
Victory
Conquest
Starting age
Dark Age
Ending age
Imperial Age
RankedLock teamsTeams togetherTeam positionsShared explorationLock speedFull tech treeHidden civsTurbo modeCheats
Victory
Defeat
🇧🇷 Goths · Brazil
1175
+13
🇬🇧 Bengalis · United Kingdom
1165
+13
🇩🇪 Romans · Germany
1161
+13
🇫🇷 Japanese · France
1132
+14
🇩🇪 Bulgarians · Germany
1248
-19
1097
-13
🇩🇪 Malay · Germany
1093
-13
🇵🇱 Dravidians · Poland
968
-8
Grievous31
11:25 Feudal Age
12:31 Loom
15:24 Castle Age
14:00 Double-Bit Axe
16:29 Bow Saw
17:29 Man-at-Arms
18:51 Wheelbarrow
24:04 Hand Cart
23:54 Long Swordsman
25:00 Horse Collar
25:33 Crossbowman
26:20 Thumb Ring
27:05 Fletching
27:16 Padded Archer Armor
28:11 Bodkin Arrow
28:57 Squires
29:17 Leather Archer Armor
29:40 Ballistics
29:17 Gold Mining
29:36 Caravan
31:32 Scale Mail Armor
31:42 Forging
31:58 Pikeman
36:05 Imperial Age
SombreWeb
10:14 Feudal Age
14:23 Castle Age
12:21 Double-Bit Axe
12:42 Horse Collar
15:13 Gold Mining
15:36 Bow Saw
15:42 Heavy Plow
21:59 Gold Mining
22:03 Stone Mining
23:04 Loom
24:16 Wheelbarrow
26:16 Hand Cart
29:08 Imperial Age
27:14 Fletching
27:25 Padded Archer Armor
27:50 Town Watch
28:52 Forging
28:40 Bodkin Arrow
29:00 Leather Archer Armor
28:51 Town Patrol
31:27 Two-Man Saw
29:55 Elite Elephant Archer
30:39 Bracer
31:10 Ring Archer Armor
30:53 Bloodlines
30:43 Husbandry
31:16 Conscription
31:16 Paiks
32:01 Crop Rotation
31:54 Scale Barding Armor
32:54 Mahayana
33:01 Ballistics
33:08 Caravan
33:19 Guilds
33:37 Chain Barding Armor
35:52 Chemistry
35:07 Masonry
35:57 Gold Shaft Mining
ElSchlekko
10:56 Feudal Age
9:16 Loom
14:27 Castle Age
12:42 Horse Collar
13:08 Stone Mining
16:16 Wheelbarrow
15:31 Double-Bit Axe
21:47 Bow Saw
21:42 Gold Mining
25:53 Gold Shaft Mining
27:02 Scale Barding Armor
27:09 Forging
30:18 Pikeman
35:34 Imperial Age
33:19 Scale Mail Armor
HATamaTAH
6:53 Loom
9:33 Feudal Age
9:39 Man-at-Arms
10:05 Double-Bit Axe
14:35 Fletching
16:27 Forging
19:18 Scale Mail Armor
26:08 Castle Age
26:18 Pikeman
27:12 Bow Saw
27:28 Squires
26:53 Long Swordsman
31:13 Chain Mail Armor
32:39 Iron Casting
Lava
5:39 Loom
9:47 Feudal Age
9:51 Double-Bit Axe
9:59 Horse Collar
18:00 Castle Age
17:56 Wheelbarrow
23:23 Bow Saw
26:52 Imperial Age
25:57 Husbandry
26:06 Scale Barding Armor
26:11 Forging
27:35 Stone Mining
27:35 Gold Mining
29:28 Iron Casting
31:28 Chemistry
33:22 Blast Furnace
Atlan
10:01 Feudal Age
13:53 Castle Age
12:10 Horse Collar
13:01 Double-Bit Axe
20:31 Loom
23:03 Fletching
25:30 Bodkin Arrow
27:09 Forging
30:55 Wheelbarrow
30:34 Bow Saw
33:08 Husbandry
33:47 Scale Barding Armor
33:45 Scale Mail Armor
Aotisagoodanime
7:05 Loom
9:34 Feudal Age
10:07 Double-Bit Axe
11:06 Horse Collar
18:21 Castle Age
18:52 Wheelbarrow
19:00 Man-at-Arms
19:43 Long Swordsman
20:33 Scale Mail Armor
25:55 Hand Cart
26:00 Chain Mail Armor
26:04 Gambesons
26:35 Forging
28:10 Squires
位技术水平平平但策略
3:49 Loom
12:40 Feudal Age
19:20 Castle Age
17:22 Fletching
19:08 Double-Bit Axe
21:52 Bodkin Arrow
25:07 Bow Saw
27:54 Horse Collar
31:04 Wheelbarrow
30:52 Heavy Plow
34:20 Imperial Age
Connection lost

Rejoining the realm…

Still unreachable

The connection could not be restored.

Session expired

The server has moved on; the page needs a fresh start.